 Dungeon Crawl Stone Soup version 0.30-a0-743-gbfdf073431 (webtiles) character file.

Game seed: 7755568042923172000

600 Crownlay the Chiller (level 7, -5/51 HPs)
             Began as a Gnoll Ice Elementalist on Feb 6, 2023.
             Was a Priest of Uskayaw.
             Slain by Duvessa
             ... wielding a +0 rapier
              (7 damage)
             ... on level 5 of the Dungeon.
             The game lasted 00:05:05 (3511 turns).

Crownlay the Chiller (Gnoll Ice Elementalist)       Turns: 3511, Time: 00:05:05

Health: -5/51      AC: 11    Str:  7    XL:     7   Next: 41%
Magic:  6/15       EV: 14    Int: 16    God:    Uskayaw [***...]
Gold:   80         SH:  0    Dex: 13    Spells: 10/17 levels left

rFire   . . .      SeeInvis .    w - +0 dagger
rCold   . . .      Faith    .    (no shield)
rNeg    . . .      Spirit   .    a - +0 robe
rPois   +          Reflect  .    g - +0 hat
rElec   .          Harm     .    (no cloak)
rCorr   .          Rampage  .    l - +0 pair of gloves
Will    .....                    o - +0 pair of boots
Stlth   +++                      i - amulet of regeneration
HPRegen 1.08/turn                z - ring of flight
MPRegen 0.14/turn                y - ring of poison resistance

@: ice-armoured, freezing walls, flying
A: fangs 1, strong nose, distributed training
a: Renounce Religion, Stomp, Line Pass


You were on level 5 of the Dungeon.
You worshipped Uskayaw.
Uskayaw was noncommittal.
You visited 1 branch of the dungeon, and saw 5 of its levels.

You collected 170 gold pieces.
You spent 90 gold pieces at shops.

Inventory:

Hand Weapons
 w - a +0 dagger (weapon)
Missiles
 C - a throwing net
Armour
 a - a +0 robe (worn)
 g - a +0 hat (worn)
 l - a +0 pair of gloves (worn)
 o - a +0 pair of boots (worn)
Jewellery
 d - a ring of ice
 i - an amulet of regeneration (around neck)
 y - a ring of poison resistance (right hand)
 z - a ring of flight (left hand)
 D - the ring of the Blind Eye {rElec rPois rF- Int+3 Dex+6}
   (You found it on level 5 of the Dungeon)

   [ring of dexterity]

   Int:       It affects your intelligence (+3).
   Dex:       It affects your dexterity (+6).
   rF:        It makes you vulnerable to fire.
   rElec:     It insulates you from electricity.
   rPois:     It protects you from poison.
Wands
 t - a wand of digging (8)
Scrolls
 h - 7 scrolls of identify {unknown}
 j - a scroll of vulnerability
 n - 2 scrolls of magic mapping
 p - a scroll of immolation {unknown}
 q - a scroll of teleportation
 u - a scroll of acquirement {unknown}
 A - a scroll of noise {unknown}
 B - a scroll of amnesia {unknown}
Potions
 b - 2 potions of magic
 c - a potion of attraction {unknown}
 e - 2 potions of lignification {unknown}
 f - 2 potions of mutation {unknown}
 k - 4 potions of curing
 m - 4 potions of might
 r - a potion of resistance {unknown}
 s - 2 potions of degeneration {unknown}
 v - a potion of haste {unknown}
 x - a potion of heal wounds {unknown}


   Skills:
 + Level 2.5 Fighting
 + Level 2.5 Short Blades
 + Level 2.5 Long Blades
 + Level 2.5 Axes
 + Level 2.5 Maces & Flails
 + Level 2.5 Polearms
 + Level 2.5 Staves
 + Level 2.5 Ranged Weapons
 + Level 2.5 Throwing
 + Level 2.5 Armour
 + Level 5.3 Dodging
 + Level 4.9 Stealth
 + Level 2.5 Shields
 + Level 2.5 Unarmed Combat
 + Level 5.6 Spellcasting
 + Level 2.1 Conjurations
 + Level 2.1 Hexes
 + Level 2.1 Summonings
 + Level 2.1 Necromancy
 + Level 2.1 Translocations
 + Level 2.1 Transmutations
 + Level 2.1 Fire Magic
 + Level 7.4 Ice Magic
 + Level 2.1 Air Magic
 + Level 2.1 Earth Magic
 + Level 2.1 Poison Magic
 + Level 2.8 Invocations
 + Level 2.5 Evocations


You had 10 spell levels left.
You knew the following spells:

 Your Spells              Type           Power      Damage    Failure   Level
a - Freeze                Ice            100%       1d10      1%          1
b - Frozen Ramparts       Ice            56%        1d9       1%          3
c - Ozocubu's Armour      Ice            28%        N/A       1%          3

Your spell library contained the following spells:

 Spells                   Type           Power      Damage    Failure   Level
 Magic Dart               Conj           44%        1d5       6%          1
 Call Imp                 Summ           11%        N/A       9%          2
 Lesser Beckoning         Tloc           22%        N/A       9%          2
 Gell's Gravitas          Tloc           11%        N/A       19%         3
 Mephitic Cloud           Conj/Pois/Air  11%        N/A       19%         3
 Teleport Other           Tloc           11%        N/A       19%         3
 Summon Ice Beast         Ice/Summ       19%        N/A       21%         4


Dungeon Overview and Level Annotations

Branches:
Dungeon (5/15)             Temple (0/1) D:5

Altars:
Dithmenos
Qazlal
Uskayaw
Vehumet
Wu Jian
Zin

Annotations:
D:5 Duvessa


Innate Abilities, Weirdness & Mutations

You have very sharp teeth.
Your uncanny sense of smell can sniff out nearby items.
Your experience applies equally to all skills.


Message History

You kill Dowan!
Duvessa screams in rage.
Duvessa goes berserk!
You barely miss Duvessa.
Duvessa is lightly wounded.
The wall freezes Duvessa.
Duvessa hits you with a +0 rapier!
You hit Duvessa but do no damage. Your bite misses Duvessa.
Duvessa is moderately wounded.
The wall freezes Duvessa.
Duvessa hits you but does no damage.
Unknown command.
You barely miss Duvessa.
Duvessa is moderately wounded.
The wall freezes Duvessa.
Duvessa closely misses you.
The wall freezes Duvessa.
Duvessa hits you with a +0 rapier!
* * * LOW HITPOINT WARNING * * *
Your magical contamination has completely faded away.
Uskayaw will force your foes to helplessly watch your dance.
Uskayaw prepares the audience for your solo!
The helpless Duvessa fails to defend herself.
You impale Duvessa!!
Duvessa is severely wounded.
Duvessa is no longer paralysed.
An orc comes into view. It is wielding a +0 trident.
The wall freezes the orc wizard!
The wall freezes Duvessa.
Duvessa misses you.
Casting: Frozen Ramparts (safe; 1% risk of failure)
Confirm with . or Enter, or press ? or * to list all spells.
Aiming: Freeze (safe; 1% risk of failure)
Press: ? - help, Shift-Dir - straight line, f - Duvessa
Aim: Duvessa, wielding a +0 rapier and wearing a +0 leather armour (severely wounded, berserk, strong)
You freeze Duvessa!
Duvessa is almost dead.
The orc shouts!
The orc wizard is no longer paralysed.
The wall freezes Duvessa but does no damage.
Duvessa hits you with a +0 rapier!
* * * LOW HITPOINT WARNING * * *
The wall freezes the orc wizard but does no damage.
The wall freezes Duvessa but does no damage.
Duvessa hits you with a +0 rapier!
You die...

...# ...# # ∆ ...# .# . ##
.<.##.####. ##. # #.......# #.###
#.. ##### ##.####...# ...##.o
#.... #.######.####..o. #.##.
#..........###)e### ########.##.
##..............@..###........#..
#.....)..........................
#.#†.........###.##..............
#.#....>...### #.....############
..#........# #..#### #
..########## #..# # #.# ..... #.#
#....? #.# ....


You could see Duvessa (berserk, strong), an orc wizard and an orc.

Vanquished Creatures
  An ogre (D:5)
  2 necrophages
  Dowan (D:5)
  An orc priest (D:4)
  A hound (D:5)
  4 iguanas (D:5)
  Terence (D:3)
  2 orc wizards (D:4)
  2 adders
  6 gnolls (D:5)
  A worm (D:4)
  5 orcs
  6 bats
  An endoplasm (D:3)
  3 giant cockroaches
  3 goblins
  5 hobgoblins
  7 kobolds
  6 ball pythons
  A frilled lizard (D:2)
  5 rats
64 creatures vanquished.

Notes
Turn   | Place    | Note
-------+----------+-------------------------------------------
     0 | D:1      | Crownlay the Gnoll Ice Elementalist began the quest for the
                  | Orb.
     0 | D:1      | Reached XP level 1. HP: 13/13 MP: 6/6
   392 | D:1      | Reached XP level 2. HP: 17/19 MP: 4/7
  1079 | D:2      | Found a shadowy altar of Dithmenos.
  1339 | D:2      | Found a faded altar of an unknown god.
  1339 | D:2      | Noticed a ynoxinul
  1642 | D:3      | Reached skill level 5 in Spellcasting
  1642 | D:3      | Reached XP level 3. HP: 25/25 MP: 5/9
  1651 | D:3      | Learned a level 3 spell: Frozen Ramparts
  1655 | D:3      | Learned a level 3 spell: Ozocubu's Armour
  1699 | D:3      | Noticed Terence
  1711 | D:3      | Killed Terence
  1712 | D:3      | Reached skill level 1 in Fighting
  1712 | D:3      | Reached skill level 1 in Short Blades
  1712 | D:3      | Reached skill level 1 in Long Blades
  1712 | D:3      | Reached skill level 1 in Axes
  1712 | D:3      | Reached skill level 1 in Maces & Flails
  1712 | D:3      | Reached skill level 1 in Polearms
  1712 | D:3      | Reached skill level 1 in Staves
  1712 | D:3      | Reached skill level 1 in Ranged Weapons
  1712 | D:3      | Reached skill level 1 in Throwing
  1712 | D:3      | Reached skill level 1 in Armour
  1712 | D:3      | Reached skill level 1 in Shields
  1712 | D:3      | Reached skill level 1 in Unarmed Combat
  1712 | D:3      | Reached skill level 1 in Invocations
  1712 | D:3      | Reached skill level 1 in Evocations
  1712 | D:3      | Reached XP level 4. HP: 15/32 MP: 2/11
  1892 | D:3      | Found a radiant altar of Vehumet.
  1894 | D:3      | Found a stormy altar of Qazlal.
  1917 | D:3      | Found a hide-covered altar of Uskayaw.
  1925 | D:3      | Became a worshipper of Uskayaw the Reveller
  2139 | D:3      | Reached * piety under Uskayaw
  2311 | D:3      | Found an ornate altar of the Wu Jian Council.
  2538 | D:4      | Found a glowing silver altar of Zin.
  2542 | D:4      | Found Zin's Purification Station.
  2549 | D:4      | Bought a potion of curing for 90 gold pieces
  2568 | D:4      | Reached ** piety under Uskayaw
  2569 | D:4      | Reached skill level 1 in Conjurations
  2569 | D:4      | Reached skill level 1 in Hexes
  2569 | D:4      | Reached skill level 1 in Summonings
  2569 | D:4      | Reached skill level 1 in Necromancy
  2569 | D:4      | Reached skill level 1 in Translocations
  2569 | D:4      | Reached skill level 1 in Transmutations
  2569 | D:4      | Reached skill level 1 in Fire Magic
  2569 | D:4      | Reached skill level 1 in Air Magic
  2569 | D:4      | Reached skill level 1 in Earth Magic
  2569 | D:4      | Reached skill level 1 in Poison Magic
  2654 | D:4      | Noticed a necrophage
  2663 | D:4      | Reached *** piety under Uskayaw
  2665 | D:4      | Reached XP level 5. HP: 33/37 MP: 1/12
  2665 | D:4      | Reached **** piety under Uskayaw
  3002 | D:4      | Noticed a phantom
  3051 | D:5      | Entered Level 5 of the Dungeon
  3078 | D:5      | Found a staircase to the Ecumenical Temple.
  3089 | D:5      | Reached XP level 6. HP: 33/44 MP: 10/14
  3157 | D:5      | Reached skill level 5 in Dodging
  3248 | D:5      | Reached XP level 7. HP: 49/50 MP: 7/15
  3488 | D:5      | Identified the ring of the Blind Eye {rElec rPois rF- Int+3
                  | Dex+6}
  3501 | D:5      | Noticed Duvessa
  3501 | D:5      | Noticed Dowan
  3506 | D:5      | Killed Dowan
  3511 | D:5      | HP: 2/51 [Duvessa/+0 rapier (9)]
  3511 | D:5      | Slain by Duvessa

Illustrated notes

Levels and vault maps discovered:
D:1:      heliophobic_arrival_battle_scene, layout_loops_cross, moated_statue,
          minmay_misc_feat_tower, bh_walls_and_bars
D:2:      layout_basic, basic_altar, dreamdust_ecumenical_altar_sealed_demon
D:3:      layout_basic, lemuel_crystal_altar, nicolae_uskayaw_dance_hall,
          grunt_temple_overflow_open, uniq_terence
D:4:      layout_loops_cross, nemelex_dance_club_becter, zin_purify,
          lightli_temple_of_fire, minmay_misc_feat_chi,
          kennysheep_generic_room_4
D:5:      layout_rooms, minmay_temple_entry_purple_smoke, uniq_duvessa,
          uniq_menkaure, uniq_grinder

Skill      XL: |  1  2  3  4  5  6  7 |
---------------+----------------------+-----
Spellcasting   | 5 |  5.6
Fighting       | 1 2 |  2.5
Short Blades   | 1 2 |  2.5
Long Blades    | 1 2 |  2.5
Axes           | 1 2 |  2.5
Maces & Flails | 1 2 |  2.5
Polearms       | 1 2 |  2.5
Staves         | 1 2 |  2.5
Ranged Weapons | 1 2 |  2.5
Throwing       | 1 2 |  2.5
Armour         | 1 2 |  2.5
Shields        | 1 2 |  2.5
Unarmed Combat | 1 2 |  2.5
Invocations    | 1 2 |  2.8
Evocations     | 1 2 |  2.5
Conjurations   | 1 2 |  2.1
Hexes          | 1 2 |  2.1
Summonings     | 1 2 |  2.1
Necromancy     | 1 2 |  2.1
Translocations | 1 2 |  2.1
Transmutations | 1 2 |  2.1
Fire Magic     | 1 2 |  2.1
Air Magic      | 1 2 |  2.1
Earth Magic    | 1 2 |  2.1
Poison Magic   | 1 2 |  2.1
Dodging        | 5 |  5.3
Stealth        | |  4.9
Ice Magic      | |  7.4

Action                     |  1- 3 |  4- 6 |  7- 9 || total
---------------------------+-------+-------+-------++-------
  Melee: Unarmed           |    10 |     2 |       ||    12
         Bite              |     2 |     3 |     1 ||     6
         Dagger            |       |    17 |    25 ||    42
   Cast: Freeze            |    31 |    32 |     1 ||    64
         Frozen Ramparts   |     1 |     7 |     4 ||    12
         Ozocubu's Armour  |     1 |     4 |     2 ||     7
    Use: Scroll            |       |     3 |       ||     3
   Stab: Paralysed         |       |       |     1 ||     1
 Armour: Robe              |     6 |    13 |    11 ||    30
  Dodge: Dodged            |    24 |    29 |    12 ||    65

Table legend: (Time is in decaauts)
 A = Elapsed time spent in this place.
 B = Non-inter-level travel time spent in this place.
 C = Inter-level travel time spent in this place.
 D = Time resting spent in this place.
 E = Time spent auto-exploring this place.
 F = Levels seen in this place.
 G = Mean time per level.
                   A        B        C        D        E       F      G
               +--------+--------+--------+--------+--------+-----+--------+
         Total |   3502 |   3405 |     97 |      0 |   2889 |   5 |  700.4 |
       Dungeon |   3502 |   3405 |     97 |      0 |   2889 |   5 |  700.4 |
               +--------+--------+--------+--------+--------+-----+--------+

Top non-repeatable levels by time:
     D:3: 1096 daAuts
     D:1: 779 daAuts
     D:2: 661 daAuts
     D:4: 510 daAuts
     D:5: 455 daAuts
